 Dungeon Crawl Stone Soup version 0.20-a0-739-g6bb112f (webtiles) character file.

99 polly the Shield-Bearer (level 4, -3/29 HPs)
             Began as a Gargoyle Fighter on Feb 25, 2017.
             Killed by divine providence
             ... invoked by an orc priest
              (14 damage)
             ... on level 3 of the Dungeon.
             The game lasted 00:01:23 (1600 turns).

polly the Shield-Bearer (Gargoyle Fighter)          Turns: 1600, Time: 00:01:24

Health: -3/29      AC: 16    Str: 20    XL:     4   Next: 72%
Magic:  4/4        EV:  3    Int:  8    God:
Gold:   161        SH:  9    Dex: 10    Spells: 3/3 levels left

rFire    . . .     SeeInvis .   a - +0 flail
rCold    . . .     Gourm    .   o - +0 plate armour
rNeg     + . .     Faith    .   c - +0 shield
rPois    ∞         Spirit   .   g - +0 helmet
rElec    +         Reflect  .   (no cloak)
rCorr    .         Harm     .   (no gloves)
MR       .....                  (no boots)
Stlth    ..........             (no amulet)
Regen    0.1/turn               (no ring)
MPRegen  0.1/turn               (no ring)

@: no status effects
A: negative energy resistance 1, electricity resistance, unbreathing,
petrification resistance, rot immunity, AC +3
a: no special abilities


You were on level 3 of the Dungeon.
You were hungry.

You visited 1 branch of the dungeon, and saw 3 of its levels.

You collected 161 gold pieces.

Inventory:

Hand Weapons
 a - a +0 flail (weapon)
Armour
 c - a +0 shield (worn)
 g - a +0 helmet (worn)
 o - a +0 plate armour (worn)
Scrolls
 e - 3 scrolls of fog {unknown}
 i - a scroll of recharging {unknown}
 j - 3 scrolls of remove curse {unknown}
 l - a scroll of identify {unknown}
 m - a scroll of amnesia {unknown}
 q - a scroll of fear {unknown}
Potions
 d - a potion of might
 h - a potion of curing {unknown}
 n - a potion of flight {unknown}
Books
 k - a book of Cantrips

   Spells                             Type                      Level
   a - Confusing Touch                Hexes                        1
   b - Animate Skeleton               Necromancy                   1
   c - Summon Small Mammal            Summoning                    1
   d - Apportation                    Translocation                1
Comestibles
 f - 2 bread rations
 p - a royal jelly


   Skills:
 + Level 3.7 Fighting
 + Level 3.2 Maces & Flails
 + Level 3.7 Armour
 + Level 0.2 Dodging
 + Level 4.2 Shields


You had 3 spell levels left.
You didn't know any spells.

Dungeon Overview and Level Annotations

Branches:
Dungeon (3/15)

Altars:

Annotations:
D:3 1 runed door


Innate Abilities, Weirdness & Mutations

You are resistant to torment.
Your stone body is resilient. (AC +3)
You are immune to poison.
You resist negative energy. (rN+)
You are resistant to electric shocks. (rElec)
You can survive without breathing.
You are immune to petrification.
You are immune to rotting.


Message History

You are too injured to fight recklessly!
You are too injured to fight recklessly!
You are too injured to fight recklessly!
You are too injured to fight recklessly!
You are too injured to fight recklessly!
You are too injured to fight recklessly!
You are too injured to fight recklessly!
You are too injured to fight recklessly!
You are too injured to fight recklessly!
You are too injured to fight recklessly!
You are too injured to fight recklessly!
You are too injured to fight recklessly!
You are too injured to fight recklessly!
You are too injured to fight recklessly!
Unknown command.
You are too injured to fight recklessly!
You closely miss the orc priest.
The orc priest calls down the wrath of Beogh upon you.
Beogh smites you!
You die...

### #.. #.# #.# #.# #
######## #%#####.#
#......######...o...###
#......'.(.((..@o......
#......###########..###
#..)...# # ##+##'##
#....# ######.# ...#
#.# ...# #.# ########
...###.####......#


You could see an orc priest and an orc.

Vanquished Creatures
  An orc wizard (D:3)
  2 adders
  A dart slug (D:1)
  A leopard gecko (D:2)
  5 orcs (D:3)
  3 bats
  2 giant cockroaches (D:2)
  4 goblins (D:2)
  5 hobgoblins
  6 jackals (D:2)
  A quokka (D:3)
  3 frilled lizards
  2 kobolds
  6 rats
42 creatures vanquished.

Notes
Turn   | Place    | Note
-------+----------+-------------------------------------------
     0 | D:1      | polly the Gargoyle Fighter began the quest for the Orb.
     0 | D:1      | Reached XP level 1. HP: 14/14 MP: 1/1
   526 | D:1      | Reached XP level 2. HP: 19/19 MP: 2/2
   925 | D:2      | Reached XP level 3. HP: 22/23 MP: 3/3
   946 | D:2      | Reached skill level 4 in Shields
  1326 | D:3      | Found a runed door.
  1362 | D:3      | Reached XP level 4. HP: 22/29 MP: 4/4
  1600 | D:3      | Killed from afar by an orc priest

Vault maps used:
D:1:      dpeg_arrival_three_smaller_balls
D:3:      first_bread, uniq_crazy_yiuf_cottage, uniq_jessica, uniq_iyjb

Skill      XL: |  1  2  3  4 |
---------------+-------------+-----
Shields        | 4 |  4.2
Maces & Flails | 3 |  3.2
Fighting       | |  3.7
Armour         | |  3.7
Dodging        | |  0.2

Action                   |  1- 3 |  4- 6 || total
-------------------------+-------+-------++-------
Melee: Flail             |   156 |    63 ||   219
  Eat: Chunk             |     2 |       ||     2
Armor: Scale mail        |    88 |       ||    88
       Plate armour      |     9 |    66 ||    75
Dodge: Dodged            |    52 |    11 ||    63
Block: Shield            |   100 |    35 ||   135
